 Dungeon Crawl Stone Soup version 0.28.0-43-g3370ac3207 (webtiles) character file.

Game seed: 15991570927830794272

8477 LLlMATKO the Cleaver (level 11, -13/151 HPs)
             Began as a Minotaur Berserker on Mar 13, 2022.
             Was an Elder of Trog.
             Mangled by a skeletal warrior
             ... wielding a +0 war axe
             ... led by a skeletal warrior
              (14 damage)
             ... on level 11 of the Dungeon.
             The game lasted 00:11:49 (13657 turns).

LLlMATKO the Cleaver (Minotaur Berserker)          Turns: 13657, Time: 00:11:50

Health: -13/151    AC: 16    Str: 28    XL:     11   Next: 10%
Magic:  3/3        EV: 12    Int:  4    God:    Trog [****..]
Gold:   283        SH: 15    Dex: 14    Spells: 10/10 levels left

rFire   . . .      SeeInvis .   u - +0 war axe (antimagic)
rCold   . . .      Faith    .   D - +1 tower shield {reflect}
rNeg    . . .      Spirit   .   N - +2 plate armour {Will+}
rPois   .          Reflect  +   (helmet restricted)
rElec   .          Harm     .   (no cloak)
rCorr   .          Rampage  .   (no gloves)
Will    +....                   (no boots)
Stlth   ..........              H - amulet of the acrobat
HPRegen 0.35/turn               r - +6 ring of strength
MPRegen 0.08/turn               d - +4 ring of evasion

@: berserking (expiring), very quick
A: horns 2, retaliatory headbutt
a: Renounce Religion, Berserk, Trog's Hand, Brothers in Arms


You were on level 11 of the Dungeon.
You worshipped Trog.
Trog was greatly pleased with you.
You visited 1 branch of the dungeon, and saw 11 of its levels.
You also visited: Ossuary.

You collected 472 gold pieces.
You spent 189 gold pieces at shops.

Inventory:

Hand Weapons
 u - a +0 antimagic war axe (weapon)
 y - a +1 battleaxe
 I - the +4 hand axe of Emuyla {venom, Drain Dex+7}
   (You found it on level 8 of the Dungeon)

   It poisons the flesh of those it strikes.
   Dex:       It affects your dexterity (+7).
   Drain:     It drains your maximum health when unequipped.
 R - a +1 hand axe of venom
Missiles
 g - 40 poisoned darts (quivered)
 l - 6 curare-tipped darts
 m - 13 bolts
 q - 11 boomerangs
 z - 3 silver javelins
Armour
 t - a +2 scale mail of cold resistance
 D - a +1 tower shield of reflection (worn)
 N - a +2 plate armour of willpower (worn)
Jewellery
 d - a +4 ring of evasion (right hand)
 r - a +6 ring of strength (left hand)
 s - a ring of positive energy
 F - a ring of protection from fire
 H - an amulet of the acrobat (around neck)
 M - a ring of willpower
 Q - a +6 ring of intelligence
 T - a ring of ice
Wands
 a - a wand of flame (20)
 b - a wand of mindburst (3)
 x - a wand of paralysis (24)
 J - a wand of charming (6)
Scrolls
 c - 12 scrolls of identify
 e - 7 scrolls of enchant weapon
 h - a scroll of holy word
 i - 2 scrolls of magic mapping {unknown}
 n - 2 scrolls of fog {unknown}
 A - 2 scrolls of teleportation
 C - 2 scrolls of noise {unknown}
 E - a scroll of vulnerability {unknown}
 K - a scroll of enchant armour {unknown}
 L - a scroll of immolation {unknown}
 O - a scroll of torment {unknown}
Potions
 f - 3 potions of haste
 j - a potion of flight {unknown}
 k - 6 potions of curing
 o - 3 potions of might {unknown}
 p - 2 potions of heal wounds {unknown}
 v - a potion of brilliance {unknown}
 w - 2 potions of berserk rage {unknown}
 B - a potion of magic {unknown}
 G - 2 potions of lignification {unknown}
 P - a potion of degeneration {unknown}
 S - a potion of cancellation {unknown}


   Skills:
 + Level 10.5 Fighting
 + Level 11.0 Axes
 + Level 10.1 Armour
 + Level 9.1 Dodging
 - Level 1.1 Stealth
 + Level 5.5 Shields


You had 10 spell levels left.
You didn't know any spells.
Your spell library was empty.

Dungeon Overview and Level Annotations

Branches:
Dungeon (11/15)            Temple (0/1) D:5            Lair (0/6) D:10
    Orc (0/2) D:10        Ossuary (visited)

Altars:
Ashenzari
Cheibriados
Dithmenos
Hepliaklqana
Kikubaaqudgha
Makhleb
Nemelex Xobeh
Qazlal
Sif Muna
Trog
Wu Jian
Xom

Shops:
D:1 *   D:7 [

Annotations:
D:3 2 transporters, mcbry74's ghost, amateur HOFE


Innate Abilities, Weirdness & Mutations

You have a pair of horns on your head.
You reflexively headbutt those who attack you in melee.


Message History

You closely miss the skeletal warrior. You slash the skeletal warrior!
You hit the skeletal warrior but do no damage.
The skeletal warrior hits you with a +0 battleaxe.
The skeletal warrior barely misses you. You furiously retaliate!
You headbutt the skeletal warrior.
A skeletal warrior comes into view. It is wielding a +0 dire flail.
Unknown command.
You slash the skeletal warrior!
The skeletal warrior is moderately damaged.
You hit the skeletal warrior but do no damage.
You closely miss the skeletal warrior.
You block the skeletal warrior's attack.
The skeletal warrior barely misses you. You furiously retaliate!
You headbutt the skeletal warrior.
The skeletal warrior hits you with the +9 short sword of Wariness {vorpal, rCorr}!
You hit the skeletal warrior.
The skeletal warrior is moderately damaged.
You hit the skeletal warrior but do no damage.
You hit the skeletal warrior.
The skeletal warrior hits you with a +0 war axe!!
* * * LOW HITPOINT WARNING * * *
You block the skeletal warrior's attack.
The skeletal warrior closely misses you.
You closely miss the skeletal warrior. You headbutt the skeletal warrior!
The skeletal warrior is heavily damaged.
You hit the skeletal warrior but do no damage.
You closely miss the skeletal warrior.
A skeletal warrior comes into view. It is wielding a +0 battleaxe.
The skeletal warrior hits you with a +0 war axe!
* * * LOW HITPOINT WARNING * * *
The skeletal warrior hits you with a +0 battleaxe!!
* * * LOW HITPOINT WARNING * * *
You slash the skeletal warrior! You headbutt the skeletal warrior.
The skeletal warrior is severely damaged.
You hit the skeletal warrior.
You destroy the skeletal warrior!
Trog accepts your kill.
You slash the skeletal warrior!
The skeletal warrior hits you with a +0 war axe!
You die...

#.##.########.
#.#.##.# #.
#.#.##.# #.
#.#.##.# #. #
#.#.##.# #. ###
#. #.#.##.# #.
..<.#.###.#.##.#
#. .....^zz..#.#
#. .....zz@....#
#. ###.#.#######
######. #
........
########


You could see 4 skeletal warriors.

Vanquished Creatures
  2 two-headed ogres
  A skeletal warrior (D:11)
  An ugly thing (D:11)
  An unseen horror (D:10)
  A troll (D:9)
  Grinder (D:5)
  A wraith (D:10)
  4 steam dragons
  2 acid dragons
  Duvessa (D:5)
  A water moccasin (D:6)
  6 orc warriors
  3 sky beasts
  An ice beast (D:6)
  3 black bears
  2 necrophages
  3 ogres
  2 kobold brigands
  4 bullfrogs
  A gnoll sergeant (D:7)
  9 scorpions
  Dowan (D:5)
  5 howler monkeys
  7 wights (D:6)
  A bullfrog zombie (D:7)
  2 jellies
  5 centaur zombies
  5 hounds
  3 centaur skeletons
  3 orc priests
  3 scorpion zombies (Ossuary)
  Ijyb (D:3)
  3 iguanas
  12 orc wizards
  A killer bee zombie (D:7)
  3 mummies (Ossuary)
  6 adders
  8 gnolls
  A shadow imp (D:5)
  A white imp (D:6)
  An ufetubus (D:6)
  2 worms
  2 dart slugs (D:5)
  20 orcs
  8 endoplasms
  5 giant cockroaches
  4 goblins
  6 hobgoblins
  12 jackals
  15 kobolds
  A quokka (D:1)
  A ball python (D:4)
  4 bats (D:1)
  2 frilled lizards (D:3)
  2 gnoll zombies (Ossuary)
  5 goblin zombies (Ossuary)
  5 hobgoblin zombies (Ossuary)
  4 kobold zombies (Ossuary)
  An orc zombie (Ossuary)
  5 rats
  A rat zombie (D:7)
227 creatures vanquished.

Vanquished Creatures (others)
  4 fungi (D:10)
  11 plants
15 creatures vanquished.

Grand Total: 242 creatures vanquished

Notes
Turn   | Place    | Note
-------+----------+-------------------------------------------
     0 | D:1      | LLlMATKO the Minotaur Berserker began the quest for the
                  | Orb.
     0 | D:1      | Reached XP level 1. HP: 19/19 MP: 0/0
     2 | D:1      | Noticed a vampire
     4 | D:1      | Noticed a vine stalker
     4 | D:1      | Noticed a tengu
     6 | D:1      | Noticed a draconian
     8 | D:1      | Noticed a human
     8 | D:1      | Noticed a demigod
    12 | D:1      | Noticed an elf
    14 | D:1      | Noticed an ogre
    14 | D:1      | Noticed a felid
    16 | D:1      | Noticed an octopode
    16 | D:1      | Noticed a merfolk
    18 | D:1      | Noticed a demonspawn
    18 | D:1      | Noticed a naga
    21 | D:1      | Noticed a troll
    21 | D:1      | Noticed a ghoul
    23 | D:1      | Noticed a gargoyle
    23 | D:1      | Noticed a minotaur
    25 | D:1      | Noticed a formicid
    25 | D:1      | Noticed a dwarf
    27 | D:1      | Noticed a spriggan
   159 | D:1      | Reached skill level 4 in Axes
   159 | D:1      | Reached XP level 2. HP: 27/27 MP: 1/1
   619 | D:1      | Found Geun's Assorted Antiques.
   723 | D:1      | Reached XP level 3. HP: 33/33 MP: 2/2
  1113 | D:2      | Found a faded altar of an unknown god.
  1700 | D:2      | Reached ** piety under Trog
  2080 | D:3      | Reached XP level 4. HP: 41/41 MP: 3/3
  2100 | D:3      | Identified the +3 trident "Ijaiw" {elec, Str+5 Stlth-}
  2100 | D:3      | Identified the +6 scale mail of Noon {Rampage rPois Regen+
                  | Str-2}
  2100 | D:3      | Noticed a gnoll sergeant
  2129 | D:3      | Noticed Ijyb
  2139 | D:3      | Killed Ijyb
  2522 | D:3      | Reached skill level 5 in Axes
  2626 | D:3      | Found a snail-covered altar of Cheibriados.
  2691 | D:3      | Found a transporter.
  2877 | D:3      | Noticed mcbry74's ghost (amateur HOFE)
  2884 | D:3      | Found a transporter.
  3002 | D:4      | Reached XP level 5. HP: 39/47 MP: 4/4
  3321 | D:4      | Reached skill level 1 in Stealth
  3441 | D:4      | Found an ancient bone altar of Kikubaaqudgha.
  3441 | D:4      | Found a broken altar of Ashenzari.
  3442 | D:4      | Found a bloodstained altar of Trog.
  3690 | D:4      | Reached XP level 6. HP: 42/55 MP: 5/5
  3791 | D:4      | Reached skill level 5 in Fighting
  3791 | D:4      | Reached skill level 6 in Axes
  3869 | D:4      | Found a shimmering altar of Xom.
  3884 | D:4      | Reached *** piety under Trog
  3989 | D:5      | Entered Level 5 of the Dungeon
  3989 | D:5      | Noticed Grinder
  3999 | D:5      | Killed Grinder
  4000 | D:5      | Reached XP level 7. HP: 62/62 MP: 6/6
  4088 | D:5      | Reached skill level 5 in Armour
  4529 | D:5      | Noticed Duvessa
  4529 | D:5      | Noticed Dowan
  4541 | D:5      | Killed Dowan
  4543 | D:5      | Killed Duvessa
  4544 | D:5      | Reached skill level 7 in Axes
  4788 | D:5      | Reached skill level 5 in Dodging
  4788 | D:5      | Reached XP level 8. HP: 40/71 MP: 7/7
  4977 | D:5      | Found a staircase to the Ecumenical Temple.
  5377 | D:5      | Found a hazy altar of Hepliaklqana.
  6177 | D:6      | Reached skill level 8 in Axes
  6602 | D:6      | Reached XP level 9. HP: 67/81 MP: 2/8
  7429 | D:7      | Reached skill level 9 in Axes
  7585 | D:7      | Found a sand-covered staircase.
  7594 | D:7      | Reached **** piety under Trog
  7596 | Ossuary  | Entered an ossuary
  8371 | D:7      | Found Tahosisy's Armour Shoppe.
  8379 | D:7      | Bought a +1 tower shield of reflection for 189 gold pieces
  8698 | D:7      | Reached skill level 1 in Shields
  9363 | D:8      | Reached XP level 10. HP: 46/91 MP: 3/9
  9667 | D:8      | Identified the +4 hand axe of Emuyla {venom, Drain Dex+7}
 10155 | D:9      | Found a stormy altar of Qazlal.
 10356 | D:9      | Reached ***** piety under Trog
 10557 | D:9      | Reached skill level 10 in Axes
 11161 | D:10     | Entered Level 10 of the Dungeon
 11365 | D:10     | Reached skill level 10 in Fighting
 11544 | D:10     | Found an ornate altar of the Wu Jian Council.
 11652 | D:10     | Noticed a two-headed ogre
 11666 | D:10     | HP: 4/139 [two-headed ogre/+0 giant club (4)]
 11667 | D:10     | Killed a two-headed ogre
 12474 | D:10     | Found a staircase to the Lair.
 12625 | D:10     | Found a burning altar of Makhleb.
 12628 | D:10     | Found a sparkling altar of Nemelex Xobeh.
 12638 | D:10     | Found a shadowy altar of Dithmenos.
 12698 | D:10     | Found a staircase to the Orcish Mines.
 12772 | D:10     | Reached skill level 5 in Shields
 13041 | D:10     | Found a shimmering blue altar of Sif Muna.
 13076 | D:11     | Noticed a white ugly thing
 13087 | D:11     | Killed a white ugly thing
 13088 | D:11     | Reached XP level 11. HP: 67/101 MP: 3/10
 13267 | D:11     | Reached skill level 10 in Armour
 13469 | D:11     | Noticed a two-headed ogre
 13481 | D:11     | Killed a two-headed ogre
 13482 | D:11     | Reached skill level 11 in Axes
 13642 | D:11     | Identified the +9 short sword of Wariness {vorpal, rCorr}
 13642 | D:11     | Noticed a skeletal warrior
 13644 | D:11     | Noticed a skeletal warrior
 13646 | D:11     | Noticed a skeletal warrior
 13653 | D:11     | Noticed a skeletal warrior
 13656 | D:11     | Noticed a skeletal warrior
 13656 | D:11     | HP: 1/151 [skeletal warrior/+0 battleaxe[a skeletal
                  | warrior] (18)]
 13657 | D:11     | Killed a skeletal warrior
 13657 | D:11     | Mangled by a skeletal warrior

Illustrated notes

Levels and vault maps discovered:
D:1:      kb_arrival_jail, layout_loops_ring, serial_shops,
          nicolae_shop_waterfront
D:2:      layout_loops_cross, hellmonk_ecumenical_altar_leap_of_faith,
          minmay_misc_feat_four_crosses
D:3:      minmay_evil_eye, layout_basic, mainiacjoe_overflow_brackets,
          gammafunk_ghost_gnarly_gnolls, uniq_ijyb
D:4:      layout_loops_ring, gammafunk_temple_overflow_forgotten,
          mainiacjoe_overflow_alcove_2
D:5:      layout_loops_corners, lemuel_coloured_pillars_altar,
          minmay_temple_entry_hall, uniq_grinder, uniq_duvessa
D:6:      layout_rooms, amcnicky_mini_pool_small
D:7:      layout_gridville, enter_ossuary_3, serial_shops,
          nicolae_shop_hallway_stairs, minmay_door_square
D:8:      layout_rooms, hellmonk_bongcloud_opening
D:9:      layout_loops_corners, nicolae_qazlal_scattered_showers
D:10:     layout_loops_corners, tgw_sif, lemuel_doored_altar,
          grunt_temple_overflow_diamond, grunt_lair_entry_orc_guard_hut,
          orc_0_dummy
D:11:     layout_loops_ring, nicolae_shop_self_help

Skill      XL: |  1  2  3  4  5  6  7  8  9 10 11 |
---------------+----------------------------------+-----
Axes           | 4 5 6 7 8 9 10 11 | 11.0
Fighting       | 4 5 6 7 9 10 | 10.5
Armour         | 3 4 5 7 8 9 10 | 10.1
Dodging        | 3 4 5 6 7 9 |  9.1
Stealth        | 1 |  1.1
Shields        | 2 5 |  5.5

Action                   |  1- 3 |  4- 6 |  7- 9 | 10-12 || total
-------------------------+-------+-------+-------+-------++-------
Melee: Hand axe          |    90 |    90 |    69 |       ||   249
       Headbutt          |    14 |    22 |    43 |    52 ||   131
       Punch             |       |     1 |     1 |       ||     2
       War axe           |       |       |    89 |   193 ||   282
       Battleaxe         |       |       |    71 |       ||    71
       Spear             |       |       |       |     3 ||     3
Throw: Dart              |       |     1 |       |       ||     1
Invok: Berserk           |     1 |     4 |     7 |     4 ||    16
  Use: Scroll            |       |       |     5 |       ||     5
Armor: Animal skin       |    25 |       |       |       ||    25
       Ring mail         |     6 |    23 |     5 |       ||    34
       Scale mail        |       |       |    92 |       ||    92
       Plate armour      |       |       |     2 |    89 ||    91
Dodge: Dodged            |    61 |    33 |   164 |    74 ||   332
Block: Tower shield      |       |       |    23 |   161 ||   184
       Reflection        |       |       |       |     6 ||     6
